 Dungeon Crawl Stone Soup version 0.32-a0-868-g153ae1a (webtiles) character file.

Game seed: 8480516201072840917

30 sdynet the Trooper (level 3, 0/30 HPs)
             Began as a Barachi Warper on Mar 28, 2024.
             Slain by a gnoll
             ... wielding a +0 flail
              (14 damage)
             ... on level 1 of the Dungeon.
             The game lasted 00:01:50 (484 turns).

sdynet the Trooper (Barachi Warper)                  Turns: 484, Time: 00:01:51

Health: 0/30       AC:  3    Str: 11 (14) XL:     3   Next: 20%
Magic:  6/6        EV: 10    Int: 11 (13) God:
Gold:   62         SH:  0    Dex:  9 (11) Spells: 6/6 levels left

rFire   + . .        a - +0 falchion
rCold   . . .        (no shield)
rNeg    . . .        b - +0 leather armour
rPois   .            (no helmet)
rElec   .            (no cloak)
rCorr   .            (no gloves)
SInv    .            (no boots)
Will    +....        (no amulet)
Stlth   +            f - ring of protection from fire
HPRegen 0.25/turn    (no ring)
MPRegen 0.10/turn

%: no passive effects
@: enlightened, flying, slow
A: amphibious, slowness 1, strong legs 1, +LOS
a: Hop


You were on level 1 of the Dungeon.
You visited 1 branch of the dungeon, and saw 1 of its levels.

You collected 62 gold pieces.

Inventory:

Hand Weapons
 a - a +0 falchion (weapon)
Missiles
 d - 11 darts of dispersal (quivered)
Armour
 b - a +0 leather armour (worn)
Jewellery
 f - a ring of protection from fire (left hand)
Scrolls
 c - a scroll of blinking


   Skills:
 + Level 4.0 Fighting
 - Level 2.4 Long Blades
 - Level 1.0 Throwing
 - Level 1.2 Armour
 - Level 2.1 Dodging
 - Level 1.0 Stealth
 - Level 2.1 Spellcasting
 - Level 3.2 Translocations


You had 6 spell levels left.
You didn't know any spells.
Your spell library contained the following spells:

 Spells                   Type           Power      Damage    Failure   Level
 Blink                    Tloc           16%        N/A       14%         2
 Lesser Beckoning         Tloc           16%        N/A       14%         2
 Teleport Other           Tloc           8%         N/A       28%         3
 Maxwell's Portable Pile  Tloc           8%         2d(6-12)  67%         4
 Vhi's Electric Charge    Tloc/Air       8%         N/A       88%         4


Dungeon Overview and Level Annotations

Branches:
Dungeon (1/15)

Altars:


Innate Abilities, Weirdness & Mutations

You are amphibious.
You cover ground slowly.
You can hop short distances.
You have an extended range of vision and can be seen from far away.


Message History

A gnoll comes into view. It is wielding a +0 flail.
A giant cockroach comes into view.
The gnoll shouts!
The giant cockroach bites you but does no damage.
A quokka comes into view.
You hit the giant cockroach but do no damage.
The giant cockroach barely misses you.
The giant cockroach bites you but does no damage.
The gnoll closely misses you.
The giant cockroach attacks as it pursues you!
The giant cockroach closely misses you. The quokka barely misses you.
The giant cockroach bites you but does no damage.
You closely miss the giant cockroach. The giant cockroach barely misses you.
It was a potion of degeneration.
There was something very wrong with that liquid.
You feel weakened.
You feel dopey.
You feel clumsy. The giant cockroach bites you.
It was a potion of enlightenment.
You feel very buoyant.
You fly up into the air.
The giant cockroach bites you but does no damage.
You hit the giant cockroach.
You kill the giant cockroach!
Okay, then.
You hit the quokka.
The quokka is heavily wounded.
The quokka bites you. x2
You hit the quokka.
The quokka is almost dead.
The quokka bites you but does no damage.
You hit the quokka.
You kill the quokka!
The gnoll throws a stone.
The stone hits you but does no damage. The gnoll hits you with a +0 flail.
You barely miss the gnoll. The gnoll hits you with a +0 flail!
You hit the gnoll but do no damage. The gnoll hits you with a +0 flail.
You hit the gnoll.
The gnoll is lightly wounded.
The gnoll closely misses you. The gnoll hits you with a +0 flail!
You die...

~~♣♣ #..##..# #....... ~)♣♣#
#..##.## #..... ≈≈~~# #...#.#
#...# ♣♣~.## #.....# #$.# ##..#
#.>#.## #..# ##.###..#)# ##..#
#......#.# #..## . #####.##.#.#
###..# ... ##.....##.#.# #.@g.#
#####.....
........#.#.###.##.###.........
##.####.........##.....#
#.....##...........#####
#......#..###....#.#
..........##...#...#
#.[.....#.....###..#
#...(...#..##..#...#
##.....#..####..)#†#


You could see a gnoll.

Vanquished Creatures
  A gnoll (D:1)
  4 ball pythons (D:1)
  An endoplasm (D:1)
  2 giant cockroaches (D:1)
  3 goblins (D:1)
  2 hobgoblins (D:1)
  2 quokkas (D:1)
  A bat (D:1)
  A kobold (D:1)
  2 rats (D:1)
19 creatures vanquished.

Notes
Turn   | Place    | Note
-------+----------+-------------------------------------------
     0 | D:1      | sdynet the Barachi Warper began the quest for the Orb.
     0 | D:1      | Reached XP level 1. HP: 17/17 MP: 3/3
   177 | D:1      | Reached skill level 3 in Fighting
   177 | D:1      | Reached skill level 1 in Stealth
   177 | D:1      | Reached XP level 2. HP: 17/24 MP: 5/5
   352 | D:1      | Reached XP level 3. HP: 18/30 MP: 6/6
   421 | D:1      | Reached skill level 4 in Fighting
   484 | D:1      | Slain by a gnoll

Illustrated notes

Levels and vault maps discovered:
D:1:      reono_arrival_forest_river, layout_rooms, minmay_misc_feat_doors

Skill      XL: |  1  2  3 |
---------------+----------+-----
Fighting       | 3 4 |  4.0
Stealth        | 1 |  1.0
Long Blades    | |  2.4
Throwing       | |  1.0
Armour         | |  1.2
Dodging        | |  2.1
Spellcasting   | |  2.1
Translocations | |  3.2

Action                     || total
---------------------------++-------
  Melee: Falchion          ||    52
  Throw: Dart              ||     2
Ability: Hop               ||     1
    Use: Potion            ||     2
 Armour: Leather armour    ||    51
  Dodge: Dodged            ||    29

Table legend: (Time is in decaauts)
 A = Elapsed time spent in this place.
 B = Non-inter-level travel time spent in this place.
 C = Inter-level travel time spent in this place.
 D = Time resting spent in this place.
 E = Time spent auto-exploring this place.
 F = Levels seen in this place.
 G = Mean time per level.
                   A        B        C        D        E       F      G
               +--------+--------+--------+--------+--------+-----+--------+
         Total |    543 |    543 |      0 |      0 |    354 |   1 |  543.0 |
       Dungeon |    543 |    543 |      0 |      0 |    354 |   1 |  543.0 |
               +--------+--------+--------+--------+--------+-----+--------+

Top non-repeatable levels by time:
     D:1: 543 daAuts
